 Dungeon Crawl Stone Soup version 0.17.0-22-g5edae84 (console) character file.

26 gw the Stinger (level 3, -3/30 HPs)
             Began as a Naga Venom Mage on Nov 12, 2015.
             Slain by a gnoll
             ... wielding a +0 spear
              (9 damage)
             ... on level 2 of the Dungeon.
             The game lasted 00:00:37 (1110 turns).

gw the Stinger (Naga Venom Mage)                    Turns: 1110, Time: 00:00:37

Health: -3/30      AC:  2    Str: 10    XL:     3   Next: 8%
Magic:  0/6        EV: 10    Int: 16    God:
Gold:   76         SH:  0    Dex: 11    Spells: 1 memorised, 5 levels left

rFire  . . .     SeeInvis +     (no weapon)
rCold  . . .     Clarity  .     a - +0 robe
rNeg   . . .     SustAt   .     (no shield)
rPois  +         Gourm    .     (no helmet)
rElec  .         Spirit   .     (no cloak)
rCorr  .         Warding  .     (no gloves)
rMut   .         Stasis   .     (no barding)
MR     .....                    (no amulet)
Stlth  ++........               (no ring)
                                (no ring)

@: very slow, not resistant to hostile enchantments, unstealthy
A: see invisible, deformed body, poison resistance, slowness 2, slow metabolism
1, spit poison 2, AC +1
a: Spit Poison


You were on level 2 of the Dungeon.
You were not hungry.

You visited 1 branch of the dungeon, and saw 2 of its levels.

You collected 76 gold pieces.

Inventory:

Missiles
 d - 37 stones (quivered)
 e - 12 poisoned needles
Armour
 a - a +0 robe (worn)
Books
 b - a Young Poisoner's Handbook

   Spells                             Type                      Level
   a - Sting                          Conjuration/Poison           1
   b - Cure Poison                    Poison                       2
   c - Mephitic Cloud                 Conjuration/Poison/Air       3
   d - Olgreb's Toxic Radiance        Poison                       4
   e - Venom Bolt                     Conjuration/Poison           5
Comestibles
 c - 2 bread rations


   Skills:
 + Level 0.8 Fighting
 + Level 1.8 Dodging
 - Level 3.0 Stealth
 * Level 2.4 Spellcasting
 + Level 5.7 Poison Magic


You had 5 spell levels left.
You knew the following spells:

 Your Spells              Type           Power        Failure   Level  Hunger
a - Sting                 Conj/Pois      ##..         10%         1    #......


Dungeon Overview and Level Annotations

Branches:
Dungeon (2/15)

Altars:


Innate Abilities, Weirdness & Mutations

You cannot wear boots.
Your serpentine skin is tough (AC +1).
You have supernaturally acute eyesight.
Armour fits poorly on your strangely shaped body.
Your system is resistant to poisons.
You cover ground very slowly.
You have a slow metabolism.
You can spit poison.


Message History

The gnoll is almost dead.
You kill the gnoll!
You have reached level 3!
Your experience leads to an increase in your attributes!
Increase (S)trength, (I)ntelligence, or (D)exterity?
You feel clever.
Your skin feels tougher.
The gnoll hits you from afar with a spear!
The hobgoblin hits you but does no damage.
Unknown command.
Unknown command.
Unknown command.
Unknown command.
Attempting RANGED ATTACK TO (0,-1) Throwing (i - inventory):
d - 38 stones (quivered)
Press: ? - help, Shift-Dir - straight line, f - hobgoblin
Aim: a hobgoblin, wielding a club You throw a stone.
The stone hits the hobgoblin but does no damage.
The gnoll hits you from afar with a spear!
You die...

## ## ..
..##+#### #.
#%#......
#.##.#......
#..).....r
#..#sgr.
#.##g# #.g)N#
####..###.#
#...).....#
#.######### ..
#.#### #.#
#....####...#
####.#....#
#...#.######.#
#...'......!.#


You could see 2 gnolls, a quokka, a giant cockroach and a hobgoblin.

Table legend:
 A = Turns spent in this place as a percentage of turns spent in the entire game.
 B = Non-inter-level travel turns spent in this place as a percentage of non-inter-level travel turns spent in the entire game.
 C = Inter-level travel turns spent in this place as a percentage of turns spent in this place.
 D = Turns resting spent in this place as a percentage of non-inter-level travel turns spent in this place.
 E = Turns spent auto-exploring this place as a percentage of non-inter-level travel turns spent in this place.
 F = Non-inter-level travel turns spent in this place divided by the number of levels of this place that you've seen.
                   A       B       C       D       E      F
               +-------+-------+-------+-------+-------+----------------------
         Total | 100.0 | 100.0 |   0.1 |   3.3 |   3.5 | 425.0
       Dungeon | 100.0 | 100.0 |   0.1 |   3.3 |   3.5 | 425.0
               +-------+-------+-------+-------+-------+----------------------

Table legend:
 A = Kills in this place as a percentage of kills in entire the game.
 B = Kills by you in this place as a percentage of kills by you in the entire game.
 C = Kills by friends in this place as a percentage of kills by friends in the entire game.
 D = Other kills in this place as a percentage of other kills in the entire game.
 E = Experience gained in this place as a percentage of experience gained in the entire game.
 F = Experience gained in this place divided by the number of levels of this place that you have seen.
                   A       B       C       D       E      F
               +-------+-------+-------+-------+-------+----------------------
         Total | 100.0 | 100.0 |  -nan |  -nan | 100.0 |  19.0
       Dungeon | 100.0 | 100.0 |  -nan |  -nan | 100.0 |  19.0
               +-------+-------+-------+-------+-------+----------------------

Vanquished Creatures
  2 gnolls (D:2)
  2 bats
  2 hobgoblins (D:1)
  A giant newt (D:1)
  A goblin (D:2)
  2 kobolds (D:1)
  3 rats (D:1)
13 creatures vanquished.

Notes
Turn   | Place    | Note
--------------------------------------------------------------
     0 | D:1      | gw the Naga Venom Mage began the quest for the Orb.
     0 | D:1      | Reached XP level 1. HP: 15/15 MP: 3/3
   479 | D:1      | Reached XP level 2. HP: 10/24 MP: 0/5
  1109 | D:2      | Reached XP level 3. HP: 13/30 MP: 0/6
  1110 | D:2      | Slain by a gnoll

Action                   || total
-------------------------++-------
Throw: Stone             ||    18
 Cast: Sting             ||    24

Vault maps used:
D:1:      dpeg_arrival_simpleton_c, minmay_misc_feat_five, serial_park_tiny_pond
